 Dungeon Crawl Stone Soup version 0.31-a0-654-gbe3e110b4e (webtiles) character file.

Game seed: 6136257265120625232

436 javelincjr the Conjurer (level 6, -2/32 HPs)
             Began as a Deep Elf Conjurer on Aug 29, 2023.
             Was a Follower of Sif Muna.
             Slain by a bullfrog (4 damage)
             ... in a sewer.
             The game lasted 00:19:09 (3434 turns).

javelincjr the Conjurer (Deep Elf Conjurer)         Turns: 3434, Time: 00:19:09

Health: -2/32      AC:  5    Str:  4    XL:     6   Next: 68%
Magic:  0/16       EV: 13    Int: 25    God:    Sif Muna [*.....]
Gold:   110        SH:  0    Dex: 13    Spells: 12/15 levels left

rFire   . . .        h - +3 hand axe
rCold   . . .        (no shield)
rNeg    . . .        a - +0 robe
rPois   .            s - +1 helmet
rElec   .            t - +0 cloak
rCorr   .            (no gloves)
SInv    .            (no boots)
Will    .....        (no amulet)
Stlth   ++           (no ring)
HPRegen 0.25/turn    (no ring)
MPRegen 0.15/turn

%: no passive effects
@: very slow
A: no striking features
a: Renounce Religion, Channel Magic


You were in a sewer.
You worshipped Sif Muna.
Sif Muna was aware of your devotion.
You visited 1 branch of the dungeon, and saw 4 of its levels.
You also visited: Sewer.

You collected 110 gold pieces.

Inventory:

Hand Weapons
 c - a +0 dagger
 h - a +3 hand axe (weapon)
 i - a +0 vampiric short sword
 o - a +1 spear of venom
Missiles
 j - 2 throwing nets
Armour
 a - a +0 robe (worn)
 d - a +0 tower shield
 s - a +1 helmet (worn)
 t - a +0 cloak (worn)
Scrolls
 f - 2 scrolls of fear
 l - a scroll of teleportation
 n - a scroll of vulnerability
 u - a scroll of revelation {unknown}
 v - a scroll of poison {unknown}
Potions
 b - a potion of magic
 e - a potion of ambrosia {unknown}
 g - a potion of invisibility {unknown}
 k - a potion of lignification {unknown}
 m - 4 potions of curing
 p - a potion of haste {unknown}
 q - a potion of brilliance {unknown}
 r - a potion of degeneration {unknown}


   Skills:
 + Level 4.8 Dodging
 + Level 5.0 Stealth
 + Level 5.4 Spellcasting
 + Level 5.8 Conjurations


You had 12 spell levels left.
You knew the following spells:

 Your Spells              Type           Power      Damage    Failure   Level
a - Magic Dart            Conj           100%       1d8       1%          1
b - Searing Ray           Conj           70%        2d7       1%          2

Your spell library contained the following spells:

 Spells                   Type           Power      Damage    Failure   Level
 Dazzling Flash           Conj/Hex       42%        N/A       7%          3
 Fulminant Prism          Conj/Hex       10%        3d9       24%         4
 Iskenderun's Mystic Bla  Conj/Tloc      21%        2d6       24%         4


Dungeon Overview and Level Annotations

Branches:
Dungeon (4/15)              Sewer (1/1)
 Temple: D:4-7

Altars:
Elyvilon
Kikubaaqudgha
Okawaru
Sif Muna
Wu Jian
Zin
The Shining One

Shops:
D:3 =


Message History

Your Stealth skill increases to level 5!
Your unstable footing causes you to fumble your attack.
The bullfrog barely misses you. The bullfrog closely misses you.
Your unstable footing causes you to fumble your attack.
The bullfrog closely misses you. The frilled lizard bites you.
The bullfrog barely misses you. The frilled lizard barely misses you.
You hit the frilled lizard.
You kill the frilled lizard!
Sif Muna accepts your kill.
You hit the bullfrog.
The bullfrog hits you but does no damage.
The bullfrog hits you.
You hit the bullfrog.
The bullfrog is severely wounded.
The bullfrog hits you but does no damage.
The bullfrog hits you.
You hit the bullfrog but do no damage.
The bullfrog is severely wounded.
The bullfrog barely misses you. The bullfrog hits you.
You closely miss the bullfrog.
The bullfrog is severely wounded.
The bullfrog hits you.
* * * LOW HITPOINT WARNING * * *
The bullfrog barely misses you.
Your unstable footing causes you to fumble your attack.
The bullfrog hits you.
* * * LOW HITPOINT WARNING * * *
The bullfrog misses you.
Casting: Searing Ray (safe; 1% risk of failure)
Confirm with . or Enter, or press ? or * to list all spells.
Aiming: Searing Ray (safe; 1% risk of failure)
Press: ? - help, Shift-Dir - straight line, f - bullfrog
Aim: a bullfrog (water, severely wounded, 76% to hit)
The searing ray hits the bullfrog!
The bullfrog is almost dead. (Press . to maintain the ray.)
The bullfrog hits you.
* * * LOW HITPOINT WARNING * * *
The bullfrog hits you.
You die...

#≈≈~~~≈#
#≈~~~~
#≈~≈~≈≈#
#≈~~≈~
#≈≈~~~≈#
#~~≈≈≈
#≈~~≈~≈#
#~~~~≈
#≈#~~≈≈#
##~~.~
#~~#≈≈≈#
#≈....
#~.~≈≈≈#
##..~~
#~.~≈≈≈#
#≈≈≈~~
#~@#≈≈≈#
#≈≈~~≈
#F≈†≈≈≈#
#≈~≈~~
#≈≈~~≈≈#
#≈~~≈~
#≈~≈~~≈#
#≈~≈≈≈
#~≈≈~~≈#
#~~≈≈≈
#≈≈~≈~~#
#≈~≈≈~
##~..~.#
#....~
......#
#.....
......#
##....


You could see a bullfrog.

Vanquished Creatures
  A bullfrog (Sewer)
  Robin (D:3)
  11 gnolls
  9 adders
  5 river rats
  A worm (D:2)
  2 dart slugs
  8 endoplasms
  2 giant cockroaches
  15 goblins
  11 hobgoblins
  3 jackals (D:3)
  3 kobolds
  4 quokkas
  19 ball pythons
  9 bats
  9 frilled lizards
  28 rats
141 creatures vanquished.

Notes
Turn   | Place    | Note
-------+----------+-------------------------------------------
     0 | D:1      | javelincjr the Deep Elf Conjurer began the quest for the
                  | Orb.
     0 | D:1      | Reached XP level 1. HP: 10/10 MP: 6/6
   210 | D:1      | Reached XP level 2. HP: 15/15 MP: 5/8
   576 | D:1      | Reached XP level 3. HP: 19/19 MP: 6/10
   965 | D:1      | Learned a level 2 spell: Searing Ray
  1234 | D:2      | Reached XP level 4. HP: 24/24 MP: 3/11
  1425 | D:2      | Reached skill level 5 in Conjurations
  1914 | D:2      | Reached XP level 5. HP: 28/28 MP: 8/13
  2209 | D:3      | Found Luamuc's Jewellery Shoppe.
  2600 | D:3      | Found an ancient bone altar of Kikubaaqudgha.
  2626 | D:3      | Found a glowing golden altar of the Shining One.
  2627 | D:3      | Found a white marble altar of Elyvilon.
  2628 | D:3      | Found a glowing silver altar of Zin.
  2661 | D:3      | Noticed Robin
  2666 | D:3      | Killed Robin
  3062 | D:4      | Found an iron altar of Okawaru.
  3083 | D:4      | Found a shimmering blue altar of Sif Muna.
  3091 | D:4      | Became a worshipper of Sif Muna the Loreminder
  3113 | D:4      | Found an ornate altar of the Wu Jian Council.
  3147 | D:4      | Reached skill level 5 in Spellcasting
  3147 | D:4      | Reached XP level 6. HP: 31/32 MP: 12/15
  3184 | D:4      | Found a glowing drain.
  3193 | Sewer    | Entered a sewer
  3281 | Sewer    | Reached * piety under Sif Muna
  3427 | Sewer    | Reached skill level 5 in Stealth
  3434 | Sewer    | Slain by a bullfrog

Illustrated notes

Levels and vault maps discovered:
D:1:      lightli_arrival_statuegarden, layout_rooms, minmay_distorted
D:2:      layout_basic, minmay_3d_cube
D:3:      layout_loops_ring, good_gods_temple_1, kiku_gazebo_garden_becter,
          serial_forest, infiniplex_forest_clump_curved,
          infiniplex_forest_end_2, infiniplex_forest_clump_double,
          infiniplex_forest_lined_4_way, infiniplex_forest_lined_4_way,
          infiniplex_forest_lined_4_way, serial_shops, shop,
          grunt_ministairs_12, uniq_robin
D:4:      layout_cave_pools, kennysheep_mini, nicolae_uskayaw_suspiria,
          fedhas_ov_isle_minmay, mainiacjoe_overflow_large_starburst,
          nicolae_ossuary_entry_false_entrances, gup_sewer_entry_bubbles
Sewer:    sewer_minmay_w

Skill      XL: |  1  2  3  4  5  6 |
---------------+-------------------+-----
Dodging        | 3 4 |  4.8
Stealth        | 3 4 5 |  5.0
Spellcasting   | 4 5 |  5.4
Conjurations   | 5 |  5.8

Action                     |  1- 3 |  4- 6 || total
---------------------------+-------+-------++-------
  Melee: Hand axe          |       |    74 ||    74
   Cast: Magic Dart        |    71 |    96 ||   167
         Searing Ray       |       |    16 ||    16
    Use: Scroll            |       |     6 ||     6
   Stab: Sleeping          |       |     3 ||     3
 Armour: Robe              |     5 |    22 ||    27
  Dodge: Dodged            |     7 |    78 ||    85

Table legend: (Time is in decaauts)
 A = Elapsed time spent in this place.
 B = Non-inter-level travel time spent in this place.
 C = Inter-level travel time spent in this place.
 D = Time resting spent in this place.
 E = Time spent auto-exploring this place.
 F = Levels seen in this place.
 G = Mean time per level.
                   A        B        C        D        E       F      G
               +--------+--------+--------+--------+--------+-----+--------+
         Total |   3509 |   3444 |     65 |    156 |   2450 |   5 |  701.8 |
       Dungeon |   3223 |   3158 |     65 |    156 |   2450 |   4 |  805.8 |
         Sewer |    286 |    286 |      0 |      0 |      0 |   1 |  286.0 |
               +--------+--------+--------+--------+--------+-----+--------+

Top non-repeatable levels by time:
     D:2: 1121 daAuts
     D:1: 972 daAuts
     D:3: 947 daAuts
   Sewer: 286 daAuts
     D:4: 181 daAuts
